 Dungeon Crawl Stone Soup version 0.19-a0-812-g33f3bc8 (webtiles) character file.

69281 Implojin the Severer (level 14, -14/133 HPs)
             Began as a Minotaur Fighter on June 28, 2016.
             Was a High Priest of Okawaru.
             Demolished by a snapping turtle (54 damage)
             ... on level 1 of the Shoals on June 29, 2016.
             The game lasted 00:42:13 (5795 turns).

Implojin the Severer (Minotaur Fighter)             Turns: 5795, Time: 00:42:13

Health: -14/133    AC: 23    Str: 27    XL:     14   Next: 89%
Magic:  15/19      EV: 22    Int: 13    God:    Okawaru [*****.]
Gold:   334        SH: 22    Dex: 15    Spells: 1 memorised, 10 levels left

rFire  . . .     SeeInvis .     y - +2 war axe (elec)
rCold  . . .     Gourm    .     X - +0 mottled dragon armour
rNeg   . . .     Faith    .     c - +1 shield
rPois  .         Spirit   .     U - +0 hat {Int+3}
rElec  +         Dismiss  .     T - +0 cloak
rCorr  .         Reflect  +     Z - +2 pair of gloves "Zont" {rElec MR+ Int+5}
SustAt .         Harm     .     k - +2 pair of boots {Stlth+}
MR     ++...                    o - +6 amulet of reflection
Stlth  +++.......               V - +6 ring of strength
                                i - +4 ring of protection

@: lethally poisoned (-14 -> -20), heroism, finesse, very resistant to hostile
enchantments, fairly stealthy
A: retaliatory headbutt, horns 2
a: Heroism, Finesse, Renounce Religion


You were on level 1 of the Shoals.
You worshipped Okawaru.
Okawaru was extremely pleased with you.
You were not hungry.

You visited 4 branches of the dungeon, and saw 22 of its levels.

You collected 512 gold pieces.
You spent 178 gold pieces at shops.

Inventory:

Hand Weapons
 h - a +0 war axe of flaming
 y - a +2 war axe of electrocution (weapon)
 O - a +4 dagger of distortion
 Q - a +2 antimagic broad axe
 Y - a +3 executioner's axe of freezing
Missiles
 j - 5 javelins (quivered)
 q - 2 curare-tipped needles
 I - 16 tomahawks
 K - a throwing net
Armour
 c - a +1 shield (worn)
 k - a +2 pair of boots of stealth (worn)
 t - a +0 leather armour of poison resistance
 T - a +0 cloak (worn)
 U - a +0 hat of intelligence (worn)
 X - a +0 mottled dragon armour (worn)
 Z - the +2 pair of gloves "Zont" (worn) {rElec MR+ Int+5}
   (You found it on level 14 of the Dungeon)

   It affects your intelligence (+5).
   It insulates you from electricity.
   It affects your resistance to hostile enchantments.
Jewellery
 i - a +4 ring of protection (left hand)
 o - a +6 amulet of reflection (around neck)
 p - a +5 ring of intelligence
 F - an uncursed ring of sustain attributes
 P - an uncursed ring of see invisible
 V - a +6 ring of strength (right hand)
Wands
 C - a wand of iceblast (11/15)
Scrolls
 a - 3 scrolls of fog
 b - 2 scrolls of holy word
 d - 7 scrolls of remove curse
 l - 3 scrolls of noise
 m - 2 scrolls of enchant weapon
 r - a scroll of amnesia
 G - a scroll of fear
 J - a scroll of teleportation
 M - a scroll of enchant armour
Potions
 e - 7 potions of curing
 g - a potion of magic
 n - a potion of resistance
 w - a potion of haste
 x - a potion of cure mutation {unknown}
 z - 2 potions of berserk rage
 E - a potion of ambrosia {unknown}
 N - 3 potions of flight
 S - a potion of invisibility {unknown}
 W - a potion of brilliance {unknown}
Books
 R - a book of Necromancy

   Spells                             Type                      Level
   a - Pain                           Necromancy                   1
   b - Animate Skeleton               Necromancy                   1
   c - Vampiric Draining              Necromancy                   3
   d - Regeneration                   Charms/Necromancy            3
   e - Animate Dead                   Necromancy                   4
   f - Control Undead                 Necromancy                   4
Miscellaneous
 s - a phantom mirror
 B - a phial of floods
Comestibles
 f - 10 bread rations
 u - 7 fruits
 v - 5 royal jellies
 A - 5 beef jerkies
 H - 6 slices of pizza
 L - a meat ration


   Skills:
 * Level 14.9(19.9) Fighting
 - Level 15.0(20.0) Axes
 - Level 12.1(17.1) Armour
 - Level 10.1(15.1) Dodging
 - Level 10.2(15.2) Shields
 - Level 9.0 Invocations


You had 10 spell levels left.
You knew the following spells:

 Your Spells              Type           Power        Failure   Level  Hunger
a - Regeneration          Chrm/Necr      #.........   89%         3    ####...


Dungeon Overview and Level Annotations

Branches:
Dungeon (15/15)            Temple (1/1) D:6            Lair (5/6) D:11
 Shoals (1/4) Lair:3          Orc (0/2) D:12         Depths (0/5) D:15
  Snake: Lair:2-4    Spider: Lair:2-4     Slime: Lair:5-6    Vaults: D:13-14

Altars:
Ashenzari
Cheibriados
Dithmenos
Elyvilon
Fedhas
Gozag
Hepliaklqana
Kikubaaqudgha
Makhleb
Nemelex Xobeh
Okawaru
Pakellas
Qazlal
Ru
Sif Muna
Trog
Uskayaw
Vehumet
Xom
Yredelemnul
Zin
The Shining One

Shops:
D:6 [   D:9 ?

Annotations:
Shoals:1 exclusion: oklob plant, Aizul


Innate Abilities, Weirdness & Mutations

You reflexively headbutt those who attack you in melee.
You have a pair of horns on your head.


Message History

Aizul is moderately wounded.
You block Aizul's attack.
You closely miss Aizul. Your headbutt misses Aizul.
Aizul is moderately wounded.
You block the snapping turtle's attack.
You closely miss Aizul. Your headbutt misses Aizul.
Aizul is moderately wounded.
Aizul hits you!!
You closely miss Aizul.
Aizul is moderately wounded.
You slice Aizul!! Your headbutt misses Aizul.
Aizul is moderately wounded.
Aizul coils herself and waves her upper body at you.
The bolt of poison misses you. The snapping turtle misses you.
You barely miss Aizul.
Aizul is moderately wounded.
You slice Aizul!! Your headbutt misses Aizul.
Aizul is heavily wounded.
You block Aizul's attack. The snapping turtle closely misses you.
You hit Aizul.
There is a sudden explosion of sparks!
Aizul is severely wounded.
You slash Aizul!
Aizul is severely wounded.
Aizul coils herself and waves her upper body at you.
The bolt of poison hits you!
You are poisoned.
* * * LOW HITPOINT WARNING * * *
You miss Aizul. You headbutt Aizul.
Aizul is severely wounded.
You feel sick.
The snapping turtle bites you from afar.
* * * LOW HITPOINT WARNING * * *
You closely miss Aizul. Your headbutt misses Aizul.
Aizul is severely wounded.
Aizul coils herself and waves her upper body at you.
You fall asleep.
You feel sick. Aizul hits you but does no damage.
The snapping turtle bites you from afar!!!
You wake up.
You die...

#≈≈≈≈≈≈≈≈≈..## ##.≈≈≈≈≈≈≈≈
#≈≈≈≈≈≈≈≈≈..# ##...≈≈≈≈≈≈≈≈
#≈≈≈≈≈≈≈≈≈.#####..≈≈≈≈≈≈≈≈≈≈
#≈≈≈≈≈≈≈≈..# #...≈≈≈≈≈≈≈≈≈≈≈
#≈≈≈≈≈≈≈≈..###..≈≈..≈≈≈≈≈≈≈≈
≈≈≈≈≈≈≈≈.....≈≈≈....≈≈≈≈≈≈≈
≈≈≈≈≈≈≈≈≈≈≈≈≈≈.....≈≈≈≈≈≈≈
≈≈≈≈≈≈≈..#.≈≈≈≈≈≈≈≈
≈≈≈≈.≈≈@###≈≈≈≈≈≈≈≈
≈≈≈≈≈≈≈S###.≈..≈≈≈.
≈≈≈≈...t.....##.≈..
≈≈≈≈......≈≈.......
≈≈≈≈..≈%.†.........
≈≈≈≈≈≈≈............
≈≈≈≈≈≈≈≈...........
≈≈≈≈≈≈≈...!........
≈≈≈≈≈≈≈≈...........


You could see Aizul and a snapping turtle.

Vanquished Creatures
  Gastronok (Lair:1)
  A merfolk impaler (Shoals:1)
  3 hydras
  A rakshasa (D:15)
  Erolcha (D:9)
  A queen ant (Lair:2)
  2 centaur warriors
  A death yak (Lair:4)
  3 unseen horrors
  Pikel (D:7)
  An orc knight (D:13)
  A necromancer (D:15)
  3 hill giants
  A wolf spider zombie (D:15)
  An orc sorcerer (D:15)
  2 deep elf magi
  A wolf spider (D:13)
  A cyclops (D:13)
  2 manticores
  2 wizards (D:15)
  2 ugly things (D:13)
  2 griffons (D:13)
  4 sirens (Lair:3)
  2 elephants (Lair:4)
  A black mamba (Lair:2)
  A gargoyle (D:11)
  A spiny frog (shapeshifter) (D:13)
  Psyche (D:8)
  4 spiny frogs
  3 komodo dragons
  4 rime drakes (Lair:4)
  A harpy zombie (D:15)
  2 tengu conjurers (D:14)
  2 trolls
  3 meliai (Lair:4)
  A polar bear (Lair:4)
  A wolf spider simulacrum (D:15)
  2 two-headed ogres
  A slime creature (D:13)
  4 blink frogs
  31 yaks
  2 shadows (D:13)
  A human (D:7)
  Grum (D:8)
  A hog (D:7)
  5 basilisks
  A steam dragon (Lair:4)
  A vampire mosquito (D:13)
  2 hungry ghosts
  2 hippogriffs
  A mottled dragon (D:12)
  6 soldier ants (Lair:2)
  9 water moccasins
  4 porcupines
  2 sky beasts
  2 black bears
  10 orc warriors
  3 wasps
  2 eyes of draining (D:7)
  6 ogres
  3 ice beasts
  9 wolves
  5 crocodiles
  3 centaurs
  2 big kobolds
  4 giant frogs
  A gnoll sergeant (D:9)
  2 scorpions
  36 killer bees
  4 wights (D:12)
  3 howler monkeys (D:12)
  2 crimson imps
  A giant frog zombie (D:12)
  A centaur zombie (D:6)
  5 hounds
  7 centaur skeletons
  6 orc priests
  9 orc wizards
  20 worker ants
  6 iguanas
  3 sheep (D:7)
  A hound skeleton (D:7)
  A worker ant zombie (D:5)
  10 gnolls
  2 river rats
  6 adders
  2 shadow imps
  An ooze (D:1)
  An adder skeleton (D:4)
  4 worms
  4 dart slugs
  3 giant geckos
  52 orcs
  4 giant cockroaches
  7 goblins
  A hobgoblin (D:2)
  4 jackals (D:6)
  3 kobolds
  4 quokkas
  3 giant newts
  2 rats
  4 fungi
  5 plants
420 creatures vanquished.

Vanquished Creatures (others)
  A centaur warrior (D:13)
  2 centaurs
  A giant frog zombie (D:7)
  2 fungi (Lair:2)
  A plant (Lair:4)
7 creatures vanquished.

Grand Total: 427 creatures vanquished

Notes
Turn   | Place    | Note
--------------------------------------------------------------
     0 | D:1      | Implojin the Minotaur Fighter began the quest for the Orb.
     0 | D:1      | Reached XP level 1. HP: 19/19 MP: 0/0
    32 | D:1      | Reached skill level 3 in Axes
    94 | D:1      | Reached XP level 2. HP: 24/26 MP: 1/1
   138 | D:1      | Found a shattered altar of Ashenzari.
   203 | D:1      | Reached skill level 4 in Axes
   307 | D:2      | Reached XP level 3. HP: 17/31 MP: 2/2
   326 | D:2      | Reached skill level 5 in Axes
   329 | D:2      | Reached XP level 4. HP: 4/39 MP: 3/3
   689 | D:5      | Entered Level 5 of the Dungeon
   763 | D:4      | Reached skill level 6 in Axes
   772 | D:4      | Noticed an ogre
   785 | D:4      | Killed an ogre
   785 | D:4      | Reached skill level 7 in Axes
   785 | D:4      | Reached XP level 5. HP: 33/45 MP: 4/4
   969 | D:4      | Reached XP level 6. HP: 51/51 MP: 5/5
  1047 | D:6      | Reached skill level 8 in Axes
  1081 | D:6      | Found Zorch's Antique Armour Boutique.
  1165 | D:7      | Noticed Pikel
  1165 | D:7      | Noticed a slave
  1165 | D:7      | Noticed a slave
  1165 | D:7      | Noticed a slave
  1167 | D:7      | Noticed a slave
  1183 | D:7      | Killed Pikel
  1183 | D:7      | Reached skill level 10 in Axes
  1183 | D:7      | Reached XP level 7. HP: 37/57 MP: 6/6
  1204 | D:7      | Reached skill level 11 in Axes
  1294 | D:8      | Reached XP level 8. HP: 62/64 MP: 7/7
  1364 | D:7      | Found a bloodstained altar of Trog.
  1375 | D:7      | Reached skill level 12 in Axes
  1506 | D:6      | Found a staircase to the Ecumenical Temple.
  1515 | Temple   | Entered the Ecumenical Temple
  1556 | Temple   | Became a worshipper of Warmaster Okawaru
  1643 | D:7      | Reached skill level 13 in Axes
  1647 | D:7      | Reached * piety under Okawaru
  1647 | D:7      | Reached skill level 4 in Fighting
  1652 | D:7      | Reached skill level 5 in Fighting
  1800 | D:8      | Reached XP level 9. HP: 58/74 MP: 8/8
  1927 | D:8      | Noticed Grum
  1931 | D:8      | Reached skill level 6 in Fighting
  1932 | D:8      | Reached skill level 7 in Fighting
  1937 | D:8      | Killed Grum
  1999 | D:9      | Reached skill level 8 in Fighting
  2003 | D:9      | Reached ** piety under Okawaru
  2206 | D:9      | Found Tacsel's Magic Scroll Shop.
  2214 | D:9      | Bought a scroll of teleportation for 51 gold pieces
  2214 | D:9      | Bought a scroll of enchant armour for 127 gold pieces
  2227 | D:9      | Noticed Erolcha
  2252 | D:9      | Killed Erolcha
  2252 | D:9      | Reached *** piety under Okawaru
  2252 | D:9      | Reached skill level 10 in Fighting
  2313 | D:9      | Reached skill level 11 in Fighting
  2316 | D:9      | Reached XP level 10. HP: 76/96 MP: 5/9
  2345 | D:8      | Noticed Psyche
  2349 | D:8      | Killed Psyche
  2349 | D:8      | Reached **** piety under Okawaru
  2349 | D:8      | Reached skill level 12 in Fighting
  2373 | D:10     | Entered Level 10 of the Dungeon
  2388 | D:10     | Reached skill level 13 in Fighting
  2429 | D:10     | Reached skill level 1 in Invocations
  2442 | D:10     | Reached skill level 2 in Invocations
  2474 | D:10     | Reached ***** piety under Okawaru
  2547 | D:10     | Reached skill level 3 in Invocations
  2586 | D:11     | Reached skill level 4 in Invocations
  2601 | D:11     | Received a gift from Okawaru
  2605 | D:11     | Noticed a gargoyle
  2616 | D:11     | Killed a gargoyle
  2616 | D:11     | Reached skill level 5 in Invocations
  2622 | D:11     | Noticed a hill giant
  2632 | D:11     | Killed a hill giant
  2632 | D:11     | Reached skill level 6 in Invocations
  2673 | D:11     | Found a stormy altar of Qazlal.
  2750 | D:11     | Reached XP level 11. HP: 83/107 MP: 11/14
  2765 | D:11     | Reached skill level 7 in Invocations
  2884 | D:11     | Found a staircase to the Lair.
  2888 | D:11     | Noticed a hill giant
  2901 | D:11     | Killed a hill giant
  2901 | D:11     | Reached skill level 8 in Invocations
  2999 | D:12     | Noticed a deep elf mage
  3007 | D:12     | Killed a deep elf mage
  3008 | D:12     | Reached skill level 9 in Invocations
  3073 | D:13     | Reached skill level 4 in Shields
  3085 | D:13     | Found a glowing silver altar of Zin.
  3101 | D:13     | Noticed a five-headed hydra
  3107 | D:13     | Reached skill level 5 in Shields
  3147 | D:12     | Noticed an unseen horror
  3148 | D:12     | Found a staircase to the Orcish Mines.
  3231 | D:12     | Reached skill level 6 in Shields
  3275 | D:12     | Killed an unseen horror
  3275 | D:12     | Reached skill level 7 in Shields
  3627 | D:12     | Noticed an unseen horror
  3636 | D:12     | Killed an unseen horror
  3636 | D:12     | Reached skill level 8 in Shields
  3847 | D:12     | Reached skill level 9 in Shields
  3973 | D:13     | Noticed a purple ugly thing
  3984 | D:13     | Killed a purple ugly thing
  3984 | D:13     | Received a gift from Okawaru
  4006 | D:13     | Noticed a hill giant
  4013 | D:13     | Killed a hill giant
  4025 | D:13     | Noticed a centaur warrior
  4034 | D:13     | Killed a centaur warrior
  4034 | D:13     | Reached skill level 10 in Shields
  4034 | D:13     | Reached XP level 12. HP: 78/115 MP: 14/17
  4046 | D:13     | Reached skill level 1 in Dodging
  4053 | D:13     | Reached skill level 2 in Dodging
  4065 | D:13     | Reached skill level 3 in Dodging
  4072 | D:13     | Reached skill level 4 in Dodging
  4090 | D:13     | Reached skill level 5 in Dodging
  4115 | D:13     | Reached skill level 6 in Dodging
  4170 | D:13     | Noticed a centaur warrior
  4176 | D:13     | Reached skill level 7 in Dodging
  4183 | D:13     | Killed a centaur warrior
  4188 | D:13     | Killed a 12-headed hydra
  4188 | D:13     | Reached skill level 8 in Dodging
  4307 | D:13     | Received a gift from Okawaru
  4327 | D:13     | Reached skill level 9 in Dodging
  4341 | D:14     | Got a pair of brightly glowing gloves
  4352 | D:14     | Identified the +2 pair of gloves "Zont" {rElec MR+ Int+5} (You found it on level 14 of the Dungeon)
  4392 | D:14     | Noticed a centaur warrior
  4402 | D:14     | Killed a centaur warrior
  4466 | D:14     | Reached skill level 10 in Dodging
  4477 | D:15     | Entered Level 15 of the Dungeon
  4480 | D:15     | Noticed a rakshasa
  4493 | D:15     | Killed a rakshasa
  4493 | D:15     | Reached skill level 4 in Armour
  4495 | D:15     | Reached skill level 5 in Armour
  4530 | D:15     | Reached skill level 6 in Armour
  4540 | D:15     | Found a staircase to the Depths.
  4547 | D:15     | Reached skill level 7 in Armour
  4547 | D:15     | Reached XP level 13. HP: 98/122 MP: 15/18
  4662 | Lair:1   | Entered Level 1 of the Lair of Beasts
  4686 | Lair:1   | Noticed Gastronok
  4694 | Lair:1   | Reached skill level 8 in Armour
  4711 | Lair:1   | Killed Gastronok
  4711 | Lair:1   | Reached skill level 9 in Armour
  4760 | Lair:2   | Reached ****** piety under Okawaru
  4760 | Lair:2   | Reached skill level 10 in Armour
  4910 | Lair:2   | Reached skill level 11 in Armour
  4936 | Lair:2   | Found a deep blue altar of Sif Muna.
  5065 | Lair:2   | Reached skill level 15 in Axes
  5065 | Lair:2   | Reached XP level 14. HP: 80/129 MP: 19/19
  5169 | Lair:4   | Received a gift from Okawaru
  5172 | Lair:4   | Reached skill level 12 in Armour
  5239 | Lair:5   | Received a gift from Okawaru
  5307 | Lair:4   | Learned a level 3 spell: Regeneration
  5453 | Lair:4   | Reached skill level 14 in Fighting
  5691 | Lair:3   | Found a staircase to the Shoals.
  5718 | Shoals:1 | Entered Level 1 of the Shoals
  5735 | Shoals:1 | Received a gift from Okawaru
  5771 | Shoals:1 | Noticed Aizul
  5772 | Shoals:1 | Found a deep blue altar of Sif Muna.
  5795 | Shoals:1 | Demolished by a snapping turtle

Vault maps used:
D:1:      tarquinn_simple_flora_water_a, ashenzari_altar_1
D:2:      first_bread
D:6:      zin_treasury, serial_shops, shop, nicolae_ru_the_path_less_chosen
D:7:      grunt_livestock, trog_eyes_of_draining, uniq_joseph, uniq_pikel
D:8:      uniq_psyche, uniq_grum
D:9:      serial_shops, shop, uniq_erolcha
D:10:     stair_cage_cross
D:11:     lair_0_dummy, nicolae_qazlal_style_of_elements
D:12:     david_orc_3, kennysheep_generic_room_14
D:13:     hangedman_cross_cluster, basic_altar
D:14:     erik_vaults_1, serial_bayou_crossing
D:15:     grunt_enter_depths_magical_seal, minmay_stone_trees_small,
          wad_dig_loot
Temple:   kilobyte_greek_temple
Lair:1:   uniq_sonja, uniq_gastronok
Lair:2:   basic_altar, zaba_antful_of_joy
Lair:3:   elwin_shoals_entry_stream, fungi_pond_lemuel, forest_entry_grove
Lair:4:   regret_index_wax_grids, dummy_snake_entry
Lair:5:   slime_altar_1, grunt_forest_stairs_basic, serial_bayou_shore_b
Shoals:1: lemuel_oklob_altar, uniq_aizul, uniq_donald

Skill      XL: |  1  2  3  4  5  6  7  8  9 10 11 12 13 14 |
---------------+-------------------------------------------+-----
Axes           | 3 4 5 7 10 11 13 15 | 15.0
Fighting       | 5 11 13 14 | 14.9
Invocations    | 6 9 |  9.0
Shields        | 10 | 10.2
Dodging        | 10 | 10.1
Armour         | 7 11 12 | 12.1

Action                   |  1- 3 |  4- 6 |  7- 9 | 10-12 | 13-15 || total
-------------------------+-------+-------+-------+-------+-------++-------
Melee: War axe           |    50 |    87 |   132 |   316 |   294 ||   879
       Headbutt          |     3 |    20 |    22 |    99 |    77 ||   221
       Broad axe         |       |       |       |   133 |       ||   133
Throw: Tomahawk          |       |       |       |     2 |       ||     2
Invok: Heroism           |       |       |     4 |    22 |    11 ||    37
       Finesse           |       |       |       |     3 |     5 ||     8
  Use: Potion            |     1 |     1 |     1 |     1 |     3 ||     7
       Scroll            |       |    11 |     1 |     9 |     5 ||    26
 Stab: Sleeping          |       |       |       |     2 |     7 ||     9
       Distracted        |       |       |       |     1 |       ||     1
  Eat: Chunk             |       |     1 |     4 |     4 |     1 ||    10
       Royal jelly       |       |       |       |     1 |       ||     1
       Pizza             |       |       |       |     1 |       ||     1
       Meat ration       |       |       |       |       |     1 ||     1
Armor: Scale mail        |     4 |       |       |       |       ||     4
       Ring mail         |    11 |    16 |    22 |    23 |       ||    72
       Mottled dragon ar |       |       |       |    49 |    57 ||   106
Dodge: Dodged            |    15 |    11 |    30 |   106 |   132 ||   294
Block: Shield            |    26 |    56 |    93 |   343 |   248 ||   766
       Reflection        |       |     1 |     2 |    28 |     5 ||    36

Table legend:
 A = Turns spent in this place as a percentage of turns spent in the entire game.
 B = Non-inter-level travel turns spent in this place as a percentage of non-inter-level travel turns spent in the entire game.
 C = Inter-level travel turns spent in this place as a percentage of turns spent in this place.
 D = Turns resting spent in this place as a percentage of non-inter-level travel turns spent in this place.
 E = Turns spent auto-exploring this place as a percentage of non-inter-level travel turns spent in this place.
 F = Non-inter-level travel turns spent in this place divided by the number of levels of this place that you've seen.
                   A       B       C       D       E      F
               +-------+-------+-------+-------+-------+----------------------
         Total | 100.0 | 100.0 |   0.0 |   0.4 |   0.0 | 237.5
       Dungeon |  75.8 |  75.8 |   0.0 |   0.4 |   0.0 | 264.1
        Temple |   1.6 |   1.6 |   0.0 |   0.0 |   0.0 |  83.0
          Lair |  20.9 |  20.9 |   0.0 |   0.3 |   0.0 | 218.8
        Shoals |   1.6 |   1.6 |   0.0 |   0.0 |   0.0 |  86.0
               +-------+-------+-------+-------+-------+----------------------

Table legend:
 A = Kills in this place as a percentage of kills in entire the game.
 B = Kills by you in this place as a percentage of kills by you in the entire game.
 C = Kills by friends in this place as a percentage of kills by friends in the entire game.
 D = Other kills in this place as a percentage of other kills in the entire game.
 E = Experience gained in this place as a percentage of experience gained in the entire game.
 F = Experience gained in this place divided by the number of levels of this place that you have seen.
                   A       B       C       D       E      F
               +-------+-------+-------+-------+-------+----------------------
         Total | 100.0 | 100.0 |  -nan | 100.0 | 100.0 | 3029.5
       Dungeon |  68.4 |  68.1 |  -nan | 100.0 |  59.7 | 2653.3
          Lair |  31.1 |  31.4 |  -nan |   0.0 |  38.0 | 5063.2
        Shoals |   0.5 |   0.5 |  -nan |   0.0 |   2.3 | 1533.0
               +-------+-------+-------+-------+-------+----------------------
